3AAA
MILTON BILLS @ AUGUSTA TIMBER HAWKS
05/29/2018
 
TOP OF THE 1ST
Milton Bills batting - Pitching for Augusta Timber Hawks : RHP Jason Hubbell
Pitching: RHP Jason Hubbell
Batting: LHB Lance Schiffer 0-0: Ball
1-0: Bunt missed!
1-1: Called Strike
1-2: Ball
2-2: Strikes out swinging
Batting: LHB Edwin Church 0-0: Ground out 4-3 (Groundball, 4)
Batting: LHB David Hunt 0-0: Called Strike
0-1: DOUBLE (Line Drive, 34)
Batting: RHB Shane Franklin 0-0: Ball
Wild Pitch!
David Hunt to third
1-0: Ball
2-0: Ball
3-0: Base on Balls
Batting: LHB Johnny Hernández 0-0: Fly out, F9 (Flyball, 89M)
Top of the 1st over - 0 run(s), 1 hit(s), 0 error(s), 2 left on base; Milton 0 - Augusta 0
BOTTOM OF THE 1ST
Augusta Timber Hawks batting - Pitching for Milton Bills : RHP Paul O'Callahan
Pitching: RHP Paul O'Callahan
Batting: SHB José Salazar 0-0: Ball
1-0: Ball
2-0: Called Strike
2-1: Foul Ball, location: 2F
2-2: Fly out, F7 (Line Drive, 78M)
Batting: SHB Lawrence Franklin 0-0: Ball
1-0: Swinging Strike
1-1: Foul Ball, location: 2F
1-2: Ball
2-2: Ball
3-2: Strikes out swinging
Batting: RHB Bob Dickerson 0-0: Called Strike
0-1: Fly out, F2 (Popup, 2LF)
Bottom of the 1st over - 0 run(s), 0 hit(s), 0 error(s), 0 left on base; Milton 0 - Augusta 0
TOP OF THE 2ND
Milton Bills batting - Pitching for Augusta Timber Hawks : RHP Jason Hubbell
Batting: SHB Al Anderson 0-0: Fly out, F8 (Flyball, 8LM)
Batting: RHB Orlando Trevino 0-0: Foul Ball, location: 2F
0-1: Ball
1-1: Ball
2-1: Foul Ball, location: 2F
2-2: Ball
3-2: Fly out, F7 (Flyball, 7D)
Batting: LHB Jason Adair 0-0: Called Strike
0-1: Ground out 3-1 (Groundball, 34S)
Top of the 2nd over - 0 run(s), 0 hit(s), 0 error(s), 0 left on base; Milton 0 - Augusta 0
BOTTOM OF THE 2ND
Augusta Timber Hawks batting - Pitching for Milton Bills : RHP Paul O'Callahan
Batting: RHB Eddy Baxter 0-0: Ball
1-0: Swinging Strike
1-1: Foul Ball, location: 2F
1-2: Strikes out swinging
Batting: RHB Rob Young 0-0: Fly out, F7 (Flyball, 78M)
Batting: RHB Dave Bush 0-0: Ball
1-0: Ball
2-0: Called Strike
2-1: Foul Ball, location: 2F
2-2: Strikes out looking
Bottom of the 2nd over - 0 run(s), 0 hit(s), 0 error(s), 0 left on base; Milton 0 - Augusta 0
TOP OF THE 3RD
Milton Bills batting - Pitching for Augusta Timber Hawks : RHP Jason Hubbell
Batting: RHB Roberto Andrade 0-0: Ball
1-0: Called Strike
1-1: Ground out 6-3 (Groundball, 6)
Batting: LHB Lance Schiffer 0-0: Ball
1-0: Ball
2-0: Ball
3-0: Base on Balls
Batting: LHB Edwin Church 0-0: Ball
1-0: Ball
Lance Schiffer steals 2nd base
2-0: SINGLE (Line Drive, 34D)
Lance Schiffer to third
Runner from 3rd tries for Home, SAFE, no throw or cutoff
Batting: LHB David Hunt 0-0: Fly out, F4 (Line Drive, 4)
Batting: RHB Shane Franklin 0-0: Ball
1-0: Foul Ball, location: 2F
1-1: Called Strike
1-2: Foul Ball, location: 2F
1-2: Ball
2-2: DOUBLE (Line Drive, 78D)
Edwin Church to third
Batting: LHB Johnny Hernández 0-0: Ball
1-0: Ball
2-0: Called Strike
2-1: Ball
3-1: Base on Balls
Batting: SHB Al Anderson 0-0: Ball
1-0: Foul Ball, location: 2F
1-1: SINGLE (Line Drive, 7S)
Edwin Church scores
Shane Franklin to third
Johnny Hernández to second
Batting: RHB Orlando Trevino 0-0: Called Strike
0-1: Called Strike
0-2: Ball
1-2: Ground out 3-1 (Groundball, 23)
Top of the 3rd over - 2 run(s), 3 hit(s), 0 error(s), 3 left on base; Milton 2 - Augusta 0
BOTTOM OF THE 3RD
Augusta Timber Hawks batting - Pitching for Milton Bills : RHP Paul O'Callahan
Batting: SHB Tom Montgomery 0-0: Ball
1-0: Foul Ball, location: 2F
1-1: Ball
2-1: Ball
3-1: SOLO HOME RUN (Line Drive, 8RXD), Distance : 452 ft
Batting: RHB Juan Banda 0-0: Foul Ball, location: 2F
0-1: Swinging Strike
0-2: Ball
1-2: Foul Ball, location: 2F
1-2: Ball
2-2: Foul Ball, location: 2F
2-2: Ground out 1-3 (Groundball, 15)
Batting: LHB Jerry Burnett 0-0: Called Strike
0-1: Called Strike
0-2: Ball
1-2: Foul Ball, location: 2F
1-2: Ball
2-2: Fly out, F8 (Flyball, 8LS)
Batting: SHB José Salazar 0-0: Ball
1-0: Swinging Strike
1-1: Called Strike
1-2: Foul Ball, location: 2F
1-2: Strikes out looking
Bottom of the 3rd over - 1 run(s), 1 hit(s), 0 error(s), 0 left on base; Milton 2 - Augusta 1
TOP OF THE 4TH
Milton Bills batting - Pitching for Augusta Timber Hawks : RHP Jason Hubbell
Batting: LHB Jason Adair 0-0: Ball
1-0: Ball
2-0: Ball
3-0: Base on Balls
Batting: RHB Roberto Andrade 0-0: Ball
1-0: Ball
2-0: Fly out, F5 (Line Drive, 5L)
Batting: LHB Lance Schiffer 0-0: Ball
1-0: Ball
2-0: Ball
3-0: Base on Balls
Jason Adair to second
Batting: LHB Edwin Church 0-0: Called Strike
0-1: Called Strike
0-2: Fielders Choice at 2nd, U6 (Groundball, 6M)
Jason Adair to third
Batting: LHB David Hunt 0-0: Foul Ball, location: 2F
0-1: Ball
1-1: Ball
2-1: Ball
3-1: Called Strike
3-2: Foul Ball, location: 2F
3-2: Fly out, F7 (Flyball, 78S)
Top of the 4th over - 0 run(s), 0 hit(s), 0 error(s), 2 left on base; Milton 2 - Augusta 1
BOTTOM OF THE 4TH
Augusta Timber Hawks batting - Pitching for Milton Bills : RHP Paul O'Callahan
Batting: SHB Lawrence Franklin 0-0: Ball
1-0: SOLO HOME RUN (Flyball, 9D), Distance : 368 ft
Batting: RHB Bob Dickerson 0-0: Called Strike
0-1: SINGLE (Groundball, 56D)
Batting: RHB Eddy Baxter 0-0: Ball
1-0: Ball
Wild Pitch!
Bob Dickerson to second
2-0: 2-RUN HOME RUN (Line Drive, 78XD), Distance : 453 ft
Batting: RHB Rob Young 0-0: Ball
1-0: Called Strike
1-1: Foul Ball, location: 2F
1-2: Ball
2-2: Strikes out swinging
Batting: RHB Dave Bush 0-0: Called Strike
0-1: Foul Ball, location: 2F
0-2: Strikes out swinging
Batting: SHB Tom Montgomery 0-0: Ball
1-0: Called Strike
1-1: Foul Ball, location: 2F
1-2: Ball
2-2: SOLO HOME RUN (Flyball, 8LXD), Distance : 445 ft
Pitching: RHP Mauro Marín
Batting: RHB Juan Banda 0-0: Swinging Strike
0-1: Swinging Strike
0-2: Foul Ball, location: 2F
0-2: Strikes out swinging
Bottom of the 4th over - 4 run(s), 4 hit(s), 0 error(s), 0 left on base; Milton 2 - Augusta 5
TOP OF THE 5TH
Milton Bills batting - Pitching for Augusta Timber Hawks : RHP Jason Hubbell
Batting: RHB Shane Franklin 0-0: Called Strike
0-1: Fly out, F8 (Flyball, 8RM)
Batting: LHB Johnny Hernández 0-0: Ball
1-0: Ball
2-0: Called Strike
2-1: Called Strike
2-2: Fly out, F9 (Line Drive, 89S)
Batting: SHB Al Anderson 0-0: Ball
1-0: Ball
2-0: Ball
3-0: Called Strike
3-1: Ground out 4-3 (Groundball, 34)
Top of the 5th over - 0 run(s), 0 hit(s), 0 error(s), 0 left on base; Milton 2 - Augusta 5
BOTTOM OF THE 5TH
Augusta Timber Hawks batting - Pitching for Milton Bills : RHP Mauro Marín
Batting: LHB Jerry Burnett 0-0: Ball
1-0: Ball
2-0: Swinging Strike
2-1: Swinging Strike
2-2: Strikes out looking
Batting: SHB José Salazar 0-0: Swinging Strike
0-1: Ball
1-1: Foul Ball, location: 2F
1-2: Ball
2-2: Ball
3-2: Fly out, F8 (Flyball, 78M)
Batting: SHB Lawrence Franklin 0-0: Ball
1-0: Foul Ball, location: 2F
1-1: SINGLE (Flyball, 7LS)
Batting: RHB Bob Dickerson 0-0: Ball
Lawrence Franklin steals 2nd base
1-0: Foul Ball, location: 2F
1-1: SINGLE (Groundball, 56D)
Lawrence Franklin to third
Runner from 3rd tries for Home, SAFE, no throw or cutoff
Batting: RHB Eddy Baxter 0-0: Swinging Strike
0-1: Ball
1-1: Called Strike
1-2: Ball
2-2: Fly out, F9 (Flyball, 89D)
Bottom of the 5th over - 1 run(s), 2 hit(s), 0 error(s), 1 left on base; Milton 2 - Augusta 6
TOP OF THE 6TH
Milton Bills batting - Pitching for Augusta Timber Hawks : RHP Jason Hubbell
Batting: RHB Orlando Trevino 0-0: Ball
1-0: Ball
2-0: Called Strike
2-1: Swinging Strike
2-2: Foul Ball, location: 2F
2-2: Ball
3-2: Foul Ball, location: 2F
3-2: Base on Balls
Batting: LHB Jason Adair 0-0: Ball
Passed Ball!
Orlando Trevino to second
1-0: Ball
2-0: Foul Ball, location: 2F
2-1: Foul Ball, location: 2F
2-2: Strikes out swinging
Batting: RHB Roberto Andrade 0-0: Ball
Wild Pitch!
Orlando Trevino to third
1-0: Called Strike
1-1: Ball
2-1: Foul Ball, location: 2F
2-2: Foul Ball, location: 2F
2-2: Foul Ball, location: 2F
2-2: Ball
3-2: Foul Ball, location: 2F
3-2: Fly out, F6 (Line Drive, 6)
Pitching: RHP Gary Jones
Batting: LHB Lance Schiffer 0-0: TRIPLE (Flyball, 8RM)
Orlando Trevino scores
Batting: LHB Edwin Church 0-0: Foul Ball, location: 2F
0-1: Foul Ball, location: 2F
0-2: Ball
1-2: Strikes out swinging
Top of the 6th over - 1 run(s), 1 hit(s), 0 error(s), 1 left on base; Milton 3 - Augusta 6
BOTTOM OF THE 6TH
Augusta Timber Hawks batting - Pitching for Milton Bills : RHP Mauro Marín
Batting: RHB Rob Young 0-0: Ball
1-0: SINGLE (Line Drive, 6MD)
Batting: RHB Dave Bush 0-0: Ball
1-0: Called Strike
1-1: Swinging Strike
1-2: Ball
2-2: Foul Ball, location: 2F
2-2: Strikes out swinging
Batting: SHB Tom Montgomery 0-0: Called Strike
Throwing error on steal attempt, E2
Rob Young to third
0-1: Foul Ball, location: 2F
0-2: Strikes out swinging
Batting: RHB Juan Banda 0-0: Called Strike
0-1: Ball
1-1: Called Strike
1-2: Ball
2-2: Ball
3-2: Base on Balls
Batting: LHB Jerry Burnett 0-0: Ball
1-0: Ball
Wild Pitch!
Rob Young scores
Juan Banda to second
2-0: SINGLE (Line Drive, 89M)
Juan Banda to third
Runner from 3rd tries for Home, SAFE, no throw or cutoff
Pitching: RHP Louis McDowell
Batting: SHB José Salazar 0-0: Foul Ball, location: 2F
0-1: Swinging Strike
0-2: Ball
1-2: Ball
2-2: Ball
3-2: Strikes out swinging
Bottom of the 6th over - 2 run(s), 2 hit(s), 1 error(s), 1 left on base; Milton 3 - Augusta 8
TOP OF THE 7TH
Milton Bills batting - Pitching for Augusta Timber Hawks : RHP Gary Jones
Now at C: Phil Hayes
Batting: LHB David Hunt 0-0: Ball
1-0: Foul Ball, location: 2F
1-1: Called Strike
1-2: Ball
2-2: Ball
3-2: Ground out 4-3 (Groundball, 4)
Batting: RHB Shane Franklin 0-0: Ball
1-0: Called Strike
1-1: Ball
2-1: Swinging Strike
2-2: Strikes out swinging
Batting: LHB Johnny Hernández 0-0: Called Strike
0-1: Ball
1-1: Swinging Strike
1-2: Strikes out swinging
Top of the 7th over - 0 run(s), 0 hit(s), 0 error(s), 0 left on base; Milton 3 - Augusta 8
BOTTOM OF THE 7TH
Augusta Timber Hawks batting - Pitching for Milton Bills : RHP Louis McDowell
Batting: SHB Lawrence Franklin 0-0: Ball
1-0: Fly out, F8 (Flyball, 8RM)
Batting: RHB Bob Dickerson 0-0: Called Strike
0-1: Ground out 5-3 (Groundball, 5S)
Batting: RHB Phil Hayes 0-0: Called Strike
0-1: Foul Ball, location: 2F
0-2: Ball
1-2: Fly out, F7 (Flyball, 78D)
Bottom of the 7th over - 0 run(s), 0 hit(s), 0 error(s), 0 left on base; Milton 3 - Augusta 8
TOP OF THE 8TH
Milton Bills batting - Pitching for Augusta Timber Hawks : RHP Gary Jones
Batting: SHB Al Anderson 0-0: Ball
1-0: SINGLE (Groundball, 4MD)
Batting: RHB Orlando Trevino 0-0: Fly out, F5 (Line Drive, 56S)
Batting: LHB Jason Adair 0-0: Called Strike
0-1: 2-RUN HOME RUN (Flyball, 9D), Distance : 372 ft
Pitching: LHP Josh Cox
Batting: RHB Roberto Andrade 0-0: Ball
1-0: Called Strike
1-1: Foul Ball, location: 2F
1-2: Strikes out swinging
Batting: LHB Lance Schiffer 0-0: Ball
1-0: Fly out, F9 (Flyball, 89M)
Top of the 8th over - 2 run(s), 2 hit(s), 0 error(s), 0 left on base; Milton 5 - Augusta 8
BOTTOM OF THE 8TH
Augusta Timber Hawks batting - Pitching for Milton Bills : RHP Louis McDowell
Batting: RHB Rob Young 0-0: Called Strike
0-1: Ball
1-1: Swinging Strike
1-2: Foul Ball, location: 2F
1-2: Ground out 4-3 (Groundball, 4)
Batting: RHB Dave Bush 0-0: Ball
1-0: Ball
2-0: Foul Ball, location: 2F
2-1: Ball
3-1: Base on Balls
Batting: SHB Tom Montgomery 0-0: Ball
1-0: Foul Ball, location: 2F
1-1: Ball
2-1: Ball
3-1: Base on Balls
Dave Bush to second
Batting: RHB Juan Banda 0-0: Ball
1-0: Called Strike
1-1: Ball
2-1: SINGLE (Groundball, 6D) (infield hit)
Dave Bush to third
Tom Montgomery to second
Pitching: LHP Manuel Gonzáles
Pinch Hitting: RHB Mark Cunningham 0-0: Fly out, F9 (Flyball, 9M)
Runner from 3rd tags up, SCORES, no throw
Pitching: RHP Alberto Medina
Batting: SHB José Salazar 0-0: Ball
1-0: Ball
2-0: Ball
3-0: Base on Balls
Tom Montgomery to third
Juan Banda to second
Batting: SHB Lawrence Franklin 0-0: Ball
1-0: Called Strike
1-1: Ball
2-1: Fly out, F9 (Flyball, 89M)
Bottom of the 8th over - 1 run(s), 1 hit(s), 0 error(s), 3 left on base; Milton 5 - Augusta 9
TOP OF THE 9TH
Milton Bills batting - Pitching for Augusta Timber Hawks : LHP Josh Cox
Now at 1B: Jared Robinson
Batting: LHB Edwin Church 0-0: Foul Ball, location: 2F
0-1: Ground out U3 (Groundball, 3S)
Batting: LHB David Hunt 0-0: Ball
1-0: Foul Ball, location: 2F
1-1: Foul Ball, location: 2F
1-2: Foul Ball, location: 2F
1-2: Foul Ball, location: 2F
1-2: Ball
2-2: Ground out 1-3 (Groundball, 15)
Batting: RHB Shane Franklin 0-0: Ball
1-0: Ball
2-0: Foul Ball, location: 2F
2-1: Ball
3-1: Base on Balls
Batting: LHB Johnny Hernández 0-0: Swinging Strike
0-1: Ball
1-1: Foul Ball, location: 2F
1-2: Ball
2-2: Strikes out looking
Top of the 9th over - 0 run(s), 0 hit(s), 0 error(s), 1 left on base; Milton 5 - Augusta 9
This league is powered by Out of the Park Baseball, the baseball management simulation game for PC, Mac and Linux
Monday, May 4th, 2015 - OOTP Baseball 15.6 Build 34